Selects Airborne Battlegroup
Selects Heavy Machine Gun Paradrop
Heavy Machine Gun Paradrop
Heavy Machine Gun Paradrop
Selects Paratrooper Squad Paradrop
Paratrooper Squad Paradrop
Paratrooper Squad Paradrop
Paratrooper Squad Paradrop
Construct Medical Station
Selects Anti-tank Gun Team Paradrop
Anti-tank Gun Team Paradrop
Paratrooper Squad Paradrop
Anti-tank Gun Team Paradrop
Selects Paradrop Reinforcements
M4(105) Sherman Bulldozer
Anti-tank Gun Team Paradrop
Selects Carpet Bombing Run
M4(105) Sherman Bulldozer
Anti-tank Gun Team Paradrop
Paratrooper Squad Paradrop
Paratrooper Squad Paradrop
M4(105) Sherman Bulldozer
Anti-tank Gun Team Paradrop
Heavy Machine Gun Paradrop
Paratrooper Squad Paradrop
Anti-tank Gun Team Paradrop
M4(105) Sherman Bulldozer
Paratrooper Squad Paradrop
Heavy Machine Gun Paradrop